 Dungeon Crawl Stone Soup version 0.20-a0-970-gcd8f41e (webtiles) character file.

132 Murumi the Covert (level 5, -3/45 HPs)
             Began as a Naga Assassin on Apr 8, 2017.
             Slain by Duvessa
             ... wielding a +3 short sword
              (9 damage)
             ... on level 4 of the Dungeon.
             The game lasted 00:07:43 (2519 turns).

Murumi the Covert (Naga Assassin)                   Turns: 2519, Time: 00:07:44

Health: -3/45      AC:  3    Str: 19    XL:     5   Next: 15%
Magic:  5/5        EV:  9    Int: 11    God:
Gold:   114        SH:  0    Dex: 13    Spells: 4/4 levels left

rFire    . . .     SeeInvis +   a - +1 dagger (venom)
rCold    . . .     Gourm    .   (no shield)
rNeg     . . .     Faith    .   c - +0 robe
rPois    +         Spirit   .   (no helmet)
rElec    .         Reflect  .   d - +0 cloak
rCorr    .         Harm     .   (no gloves)
MR       .....                  (no barding)
Stlth    ++........             (no amulet)
Regen    0.2/turn               q - ring of stealth
MPRegen  0.1/turn               (no ring)

@: mighty, glowing, very slow
A: see invisible, deformed body, poison resistance, slowness 2, slow metabolism
1, spit poison 1, AC +1
a: Spit Poison


You were on level 4 of the Dungeon.
You were not hungry.

You visited 1 branch of the dungeon, and saw 4 of its levels.

You collected 114 gold pieces.

Inventory:

Hand Weapons
 a - a +1 dagger of venom (weapon)
 b - a +0 blowgun
Missiles
 e - 8 poisoned needles
 f - 2 curare-tipped needles
 h - 85 stones (quivered)
 j - 5 poisoned javelins
 n - 2 javelins
Armour
 c - a +0 robe (worn)
 d - a +0 cloak (worn)
Jewellery
 q - a ring of stealth (left hand)
Wands
 l - a wand of lightning (8/15)
 o - a wand of iceblast (9/15)
Scrolls
 m - a scroll of remove curse
Potions
 i - a potion of brilliance
Comestibles
 g - 3 bread rations
 k - 2 royal jellies
 r - 3 chunks of flesh


   Skills:
 - Level 2.0 Fighting
 - Level 2.0 Short Blades
 - Level 2.0 Throwing
 - Level 1.0 Dodging
 + Level 9.3 Stealth


You had 4 spell levels left.
You didn't know any spells.

Dungeon Overview and Level Annotations

Branches:
Dungeon (4/15)
 Temple: D:4-7

Altars:

Annotations:
D:4 Dowan, Duvessa


Innate Abilities, Weirdness & Mutations

You cannot wear boots.
Your serpentine skin is tough. (AC +1)
You have supernaturally acute eyesight. (SInv)
Armour fits poorly on your strangely shaped body.
Your system is resistant to poisons. (rPois)
You cover ground very slowly.
You have a slow metabolism.
You can spit poison.


Message History

Dowan casts a spell at you.
You are outlined in light.
It was a potion of might.
You feel very mighty all of a sudden.
You see here a stone.
Duvessa hits you but does no damage.
Duvessa hits you with an enchanted short sword!
* * * LOW HITPOINT WARNING * * *
You see here 2 stones.
It was a potion of curing.
You feel better. Duvessa hits you but does no damage. x2
You barely miss Duvessa.
Duvessa hits you with an enchanted short sword.
You closely miss Duvessa.
Duvessa hits you with an enchanted short sword!
* * * LOW HITPOINT WARNING * * *
You puncture Duvessa!
Duvessa is moderately wounded.
Duvessa hits you with an enchanted short sword!
You die...

#.. #.....# #...###.
#..#####.##### #...# #.
#........# #...# #.
#####.#.....#######.#..#
#.
................!..###.#
## .##.###.....#####.#
##. #.((e.# #. # ####e##
# #@# ##(## #...# #...#
####...#### #.........##
#.##..........#
.......<........
#######...###.##


You could see Duvessa and Dowan.

Vanquished Creatures
  An orc wizard (D:2)
  2 adders (D:2)
  4 oozes
  2 worms (D:2)
  2 dart slugs
  2 leopard geckos (D:1)
  3 orcs
  2 giant cockroaches
  12 goblins
  5 hobgoblins
  A quokka (D:3)
  A ball python (D:2)
  4 bats
  2 frilled lizards
  8 kobolds
  3 rats
54 creatures vanquished.

Notes
Turn   | Place    | Note
-------+----------+-------------------------------------------
     0 | D:1      | Murumi the Naga Assassin began the quest for the Orb.
     0 | D:1      | Reached XP level 1. HP: 19/19 MP: 1/1
    33 | D:1      | Reached skill level 6 in Stealth
    49 | D:1      | Reached skill level 1 in Dodging
    93 | D:1      | Reached XP level 2. HP: 26/26 MP: 2/2
   361 | D:1      | Reached skill level 7 in Stealth
   369 | D:1      | Reached XP level 3. HP: 25/32 MP: 3/3
  1134 | D:2      | Reached skill level 8 in Stealth
  1134 | D:2      | Reached XP level 4. HP: 39/39 MP: 4/4
  1763 | D:2      | Reached skill level 9 in Stealth
  1763 | D:2      | Reached XP level 5. HP: 21/45 MP: 5/5
  2502 | D:4      | Noticed Duvessa
  2505 | D:4      | Noticed Dowan
  2519 | D:4      | Slain by Duvessa

Vault maps used:
D:1:      lemuel_arrival_hallway
D:4:      minmay_temple_entry_trees, first_bread, uniq_duvessa

Skill      XL: |  1  2  3  4 |
---------------+-------------+-----
Stealth        | 6 7 8 9 |  9.3
Dodging        | 1 |  1.0
Throwing       | 2 |  2.0
Fighting       | |  2.0
Short Blades   | |  2.0

Action                   |  1- 3 |  4- 6 || total
-------------------------+-------+-------++-------
Melee: Dagger            |    69 |    76 ||   145
Throw: Stone             |     1 |     6 ||     7
 Abil: Spit Poison       |     1 |     5 ||     6
  Use: Scroll            |     4 |     4 ||     8
       Potion            |       |     2 ||     2
 Stab: Sleeping          |     9 |     3 ||    12
  Eat: Chunk             |       |     4 ||     4
Armor: Robe              |    10 |    16 ||    26
Dodge: Dodged            |    22 |    27 ||    49
